Map: Ever Dream LE

Players

ShoWTimE

  • Race: Protoss Protoss
  • League: Grandmaster
  • Spawn Location: 1:00

LiquidMaNa (MaNa) - Winner!

  • Race: Protoss Protoss
  • League: Grandmaster
  • Spawn Location: 7:00

Event: Shopify TSL 5

VOD

Have the link to the VOD?

Description

Time

  • Played on: May 17, 2020, 1:06 p.m.
  • Length: 13:38

All games in this series

Show
View Real Time Build Order
Export as new Build Order

ShoWTimE Protoss 

Build Orders:  

Get SALT Encoding   

  12  0:00  Probe  
  13  0:13  Probe  
  14  0:17  Pylon  
  14  0:25  Probe (Chrono Boost)  
  15  0:36  Gateway  
  15  0:37  Probe (Chrono Boost)  
  16  0:44  Probe (Chrono Boost)  
  16  0:45  Assimilator  
  17  0:51  Probe  
  17  0:54  Assimilator  
  18  1:03  Probe (Chrono Boost)  
  19  1:08  Gateway  
  19  1:14  Probe (Chrono Boost)  
  20  1:19  Probe (Chrono Boost)  
  20  1:25  Cybernetics Core  
  21  1:29  Probe  
  22  1:35  Pylon  
  22  1:41  Probe  
  23  1:54  Probe  
  24  1:59  Warp Gate (Chrono Boost)  
  18  2:01  Stalker x2  
  24  2:07  Probe  
  29  2:15  Pylon  
  29  2:31  Stalker  
  29  2:32  Stalker  
  33  2:57  Nexus  
  33  3:00  Shield Battery  
  33  3:03  Sentry  
  35  3:07  Sentry  
  35  3:10  Probe  
  38  3:16  Pylon  
  38  3:27  Robotics Facility  
  38  3:34  Shield Battery  
  38  3:38  Probe  
  38  3:41  Sentry  
  41  3:48  Stalker  
  41  3:50  Probe  
  44  4:02  Probe  
  45  4:09  Sentry  
  47  4:13  Shield Battery  
  47  4:14  Probe  
  46  4:17  Stalker  
  46  4:18  Probe  
  45  4:26  Probe  
  45  4:30  Probe (Chrono Boost)  
  45  4:32  Shield Battery  
  44  4:38  Probe (Chrono Boost)  
  44  4:43  Probe (Chrono Boost)  
  45  4:47  Shield Battery  
  45  4:49  Probe (Chrono Boost)  
  45  4:51  Probe (Chrono Boost)  
  47  4:54  Probe (Chrono Boost)  
  47  4:57  Probe, Twilight Council  
  47  4:58  Observer  
  50  5:01  Shield Battery  
  50  5:05  Probe  
  51  5:09  Probe  
  51  5:12  Pylon  
  52  5:16  Immortal (Chrono Boost)  
  52  5:17  Probe  
  57  5:23  Pylon  
  57  5:25  Shield Battery  
  57  5:30  Resonating Glaives (Chrono Boost)  
  57  5:40  Adept x2  
  59  5:48  Gateway  
  59  5:49  Gateway  
  59  5:51  Immortal (Chrono Boost)  
  59  5:52  Gateway  
  63  6:01  Gateway  
  63  6:02  Phoenix  
  63  6:08  Gateway  
  63  6:11  Gateway  
  63  6:12  Probe x2  
  63  6:13  Assimilator  
  63  6:16  Warp Prism  
  63  6:17  Pylon  
  65  6:29  Adept x2  
  69  6:39  Pylon  
  67  6:47  Adept x3  
  73  6:55  Adept x2  
  73  6:59  Pylon  
  73  7:00  Observer  
  77  7:19  Adept x7  
  77  7:20  Adept  
  81  7:40  Adept x6  
  71  7:53  Robotics Bay  
  71  8:00  Assimilator  
  71  8:02  Adept x5  
  71  8:05  Probe  
  82  8:13  Robotics Facility  
  82  8:23  Probe x2  
  84  8:30  Observer  
  84  8:38  Disruptor (Chrono Boost)  
  87  8:57  Adept x6, Disruptor (Chrono Boost)  
  87  8:58  Adept  
  88  9:04  Disruptor (Chrono Boost)  
  85  9:15  Adept x8  
  101  9:18  Pylon  
  101  9:19  Pylon x2  
  101  9:21  Pylon  
  101  9:36  Disruptor (Chrono Boost)  
  101  9:37  Disruptor (Chrono Boost)  
  104  9:39  Adept x2  
  104  9:41  Adept  
  106  9:57  Zealot x3  
  106  9:58  Zealot  
  114  10:03  Adept x2  
  118  10:07  Disruptor (Chrono Boost)  
  121  10:18  Adept x4  
  131  10:30  Adept  
  131  10:31  Disruptor (Chrono Boost)  
  121  10:42  Adept x3  
  121  10:49  Disruptor (Chrono Boost)  
  112  10:52  Zealot  
  87  11:06  Stalker  
  87  11:07  Stalker x2  
  91  11:18  Disruptor (Chrono Boost)  
  87  11:22  Warp Prism (Chrono Boost)  
  88  11:30  Adept x2  
  86  11:40  Adept x2  
  90  11:47  Observer (Chrono Boost)  
  90  11:53  Disruptor  
  88  11:57  Blink (Chrono Boost)  
  83  12:12  Stalker x3  
  87  12:17  Stalker  
  89  12:24  Probe x2  
  88  12:30  Stalker x3  
  90  12:44  Stalker x3  
  94  13:02  Pylon  
  98  13:24  Stalker x3  
Show
View Real Time Build Order
Export as new Build Order

LiquidMaNa Protoss - Winner!

Build Orders:  

Get SALT Encoding   

  12  0:00  Probe  
  13  0:12  Probe  
  14  0:16  Pylon  
  14  0:25  Probe (Chrono Boost)  
  15  0:37  Probe (Chrono Boost), Gateway  
  16  0:45  Probe (Chrono Boost)  
  16  0:46  Assimilator  
  17  0:51  Probe  
  17  0:54  Assimilator  
  18  1:03  Probe  
  19  1:07  Gateway  
  19  1:15  Probe  
  20  1:25  Cybernetics Core  
  20  1:27  Probe  
  20  1:31  Pylon  
  21  1:39  Probe  
  22  1:50  Gateway  
  22  1:51  Probe  
  23  1:55  Warp Gate (Chrono Boost)  
  23  2:01  Stalker  
  25  2:09  Stalker  
  27  2:16  Pylon  
  27  2:31  Stalker  
  29  2:39  Stalker  
  29  2:40  Stalker  
  33  3:06  Nexus  
  33  3:15  Pylon  
  33  3:29  Stalker x2  
  37  3:37  Stalker  
  37  3:41  Probe  
  38  3:56  Adept x2  
  38  4:00  Adept  
  38  4:02  Probe  
  43  4:21  Robotics Facility  
  43  4:22  Probe  
  32  4:34  Probe (Chrono Boost)  
  33  4:42  Probe (Chrono Boost)  
  35  4:46  Probe (Chrono Boost)  
  35  4:47  Sentry  
  35  4:48  Sentry x2  
  35  4:51  Probe (Chrono Boost)  
  42  4:52  Probe (Chrono Boost)  
  42  4:56  Probe (Chrono Boost)  
  44  5:00  Probe  
  44  5:06  Immortal (Chrono Boost)  
  45  5:08  Probe  
  45  5:12  Probe  
  51  5:16  Pylon  
  51  5:18  Phoenix  
  51  5:20  Forge  
  51  5:21  Probe  
  52  5:32  Probe  
  52  5:33  Probe  
  54  5:37  Robotics Bay, Assimilator  
  54  5:39  Assimilator  
  54  5:43  Immortal (Chrono Boost)  
  54  5:49  Probe  
  59  6:06  Adept x2  
  59  6:07  Adept  
  59  6:09  Probe  
  66  6:12  Pylon  
  66  6:14  Pylon  
  66  6:23  Protoss Ground Weapons Level 1 (Chrono Boost)  
  66  6:26  Pylon  
  66  6:27  Pylon  
  69  6:37  Colossus (Chrono Boost)  
  69  6:44  Stalker x2  
  76  6:50  Probe x2  
  76  6:53  Gateway  
  78  6:54  Gateway  
  78  6:59  Extended Thermal Lance  
  78  7:09  Stalker x2  
  78  7:14  Shield Battery  
  82  7:25  Pylon  
  82  7:29  Colossus (Chrono Boost)  
  82  7:43  Probe, Zealot x2  
  81  7:50  Probe  
  82  7:56  Probe  
  82  7:57  Stalker x2  
  87  8:03  Pylon  
  87  8:05  Gateway  
  87  8:09  Gateway  
  87  8:14  Stalker x2  
  91  8:20  Warp Prism (Chrono Boost)  
  93  8:36  Zealot x2  
  97  8:41  Zealot x2  
  99  9:02  Sentry  
  97  9:06  Phoenix  
  97  9:08  Stalker x5  
  107  9:16  Pylon x2  
  107  9:19  Pylon  
  108  9:24  Observer (Chrono Boost)  
  108  9:37  Observer (Chrono Boost)  
  104  9:42  Adept x5  
  113  10:15  Stalker x6  
  113  10:20  Observer  
  106  10:41  Stalker x2  
  106  10:42  Stalker x2  
  82  11:02  Colossus (Chrono Boost)  
  70  11:22  Stalker x3  
  70  11:23  Stalker x3  
  80  11:28  Twilight Council  
  80  11:39  Nexus  
  80  11:52  Observer  
  86  11:55  Disruptor  
  86  11:56  Blink (Chrono Boost)  
  86  12:00  Gravitic Drive  
  81  12:06  Stalker x4  
  89  12:32  Disruptor  
  92  12:37  Stalker x4  
  92  12:38  Stalker  
  101  12:51  Stalker  
  106  13:15  Stalker x4  
Tags
 
Add a new tag
Caveats
  • Supply blocks, unpowered buildings, or Contaminate may cause inaccurate times.
  • Supply counts are checked every 10 seconds.